 Dungeon Crawl Stone Soup version 0.24.1-4-ge52af88ad5 (webtiles) character file.

Game seed: 15564232425493677208, levelgen mode: deterministic

29857 MajorAdolf the Prestidigitator (level 13, -5/104 HPs)
             Began as a Naga Wanderer on Apr 16, 2020.
             Was an Initiate of Gozag.
             Slain by a phantasmal warrior (16 damage)
             ... on level 14 of the Dungeon.
             The game lasted 00:46:16 (21979 turns).

MajorAdolf the Prestidigitator (Naga Wanderer)     Turns: 21979, Time: 00:46:17

Health: -5/104     AC: 18    Str: 20    XL:     13   Next: 48%
Magic:  0/22       EV: 10    Int: 15    God:    Gozag
Gold:   864        SH: 15    Dex: 12    Spells: 12/12 levels left

rFire    + . .     SeeInvis +   N - +2 broad axe
rCold    + . .     Gourm    .   l - +0 shield
rNeg     . . .     Faith    .   g - +1 ring mail {rF+}
rPois    +         Spirit   +   C - +2 helmet
rElec    .         Reflect  .   v - +1 cloak
rCorr    .         Harm     .   c - +2 pair of gloves
MR       +....                  (no barding)
Stlth    ++++......             I - amulet of guardian spirit
HPRegen  0.27/turn              q - ring of protection from cold
MPRegen  0.18/turn              d - +4 ring of dexterity

@: very slow
A: large, large bone plates 1, see invisible, deformed body, sense surroundings
1, poison resistance, slowness 2, slow metabolism 1, spit poison 1, MP-powered
wands, constrict 1, AC +4
a: Spit Poison, Potion Petition, Call Merchant, Bribe Branch, Renounce Religion


You were on level 14 of the Dungeon.
You worshipped Gozag.
Gozag was pleased with you.
You were not hungry.

You visited 3 branches of the dungeon, and saw 16 of its levels.

You collected 3053 gold pieces.
You spent 1599 gold pieces at shops.
You paid 590 gold pieces to Gozag.

Inventory:

Hand Weapons
 L - a +0 war axe of chopping
 N - a +2 broad axe (weapon)
Armour
 c - a +2 pair of gloves (worn)
 g - a +1 ring mail of fire resistance (worn)
 l - a +0 shield (worn)
 v - a +1 cloak (worn)
 C - a +2 helmet (worn)
 D - a +1 scale mail of cold resistance
Jewellery
 d - a +4 ring of dexterity (right hand)
 h - an uncursed ring of protection from magic
 i - an uncursed amulet of regeneration
 q - a ring of protection from cold (left hand)
 w - the ring "Jiukoiti" {Ice Stlth+}
   (You found it on level 4 of the Dungeon)

   [ring of ice]

   It enhances your ice magic.
   It makes you vulnerable to fire.
   It protects you from cold.
   It makes you more stealthy.
 F - an uncursed amulet of the acrobat {unknown}
 I - an amulet of guardian spirit (around neck)
Wands
 e - a wand of iceblast (5)
 m - a wand of flame (14)
 o - a wand of paralysis (22)
 p - a wand of digging (6)
 t - a wand of acid (8)
 z - a wand of clouds (1)
 B - a wand of polymorph (3)
 M - a wand of disintegration (14)
Scrolls
 n - 3 scrolls of identify
 s - 4 scrolls of teleportation
 u - 4 scrolls of magic mapping
 y - 2 scrolls of summoning
 E - 3 scrolls of remove curse
 G - 2 scrolls of enchant armour
Potions
 a - a potion of might
 b - a potion of mutation
 j - a potion of magic
 k - 3 potions of curing
 r - 4 potions of degeneration
 x - 2 potions of flight
 H - a potion of brilliance
 J - a potion of invisibility {unknown}
 K - a potion of resistance {unknown}
Miscellaneous
 A - a lamp of fire
Comestibles
 f - 13 rations


   Skills:
 - Level 3.6 Fighting
 + Level 10.8 Axes
 - Level 1.8 Throwing
 + Level 8.1 Armour
 + Level 4.9 Dodging
 + Level 9.9 Stealth
 + Level 7.8 Shields
 * Level 12.0 Evocations


You had 12 spell levels left.
You didn't know any spells.
Your spell library contained the following spells:

 Spells                   Type           Power        Failure   Level  Hunger
 Animate Skeleton         Necr           N/A          47%         1    ##.....
 Apportation              Tloc           #.....       47%         1    ##.....
 Beastly Appendage        Tmut           #.....       47%         1    ##.....
 Confusing Touch          Hex            #.....       47%         1    ##.....
 Corona                   Hex            #......      47%         1    ##.....
 Magic Dart               Conj           #...         47%         1    ##.....
 Summon Small Mammal      Summ           #...         47%         1    ##.....
 Ensorcelled Hibernation  Hex/Ice        #.....       63%         2    ###....
 Passwall                 Tmut/Erth      #.......     63%         2    ###....
 Searing Ray              Conj           #.....       63%         2    ###....
 Sticks to Snakes         Tmut           #.......     63%         2    ###....
 Swiftness                Chrm/Air       #.......     63%         2    ###....
 Confuse                  Hex            #.......     85%         3    ####...
 Dazzling Spray           Conj/Hex       #.....       85%         3    ####...
 Gell's Gravitas          Tloc           #.........   85%         3    ####...
 Spider Form              Tmut/Pois      #.........   85%         3    ####...
 Tukima's Dance           Hex            #.......     85%         3    ####...
 Force Lance              Conj/Tloc      #.......     99%         4    #####..
 Fulminant Prism          Conj/Hex       #.........   99%         4    #####..
 Ice Form                 Ice/Tmut       #.......     99%         4    #####..
 Iskenderun's Mystic Bla  Conj           #.......     99%         4    #####..
 Passage of Golubria      Tloc           N/A          99%         4    #####..
 Petrify                  Tmut/Erth      #.......     99%         4    #####..
 Blade Hands              Tmut           #.........   100%        5    ######.
 Bolt of Magma            Conj/Fire/Erth #.........   100%        5    ######.
 Iskenderun's Battlesphe  Conj/Chrm      #.......     100%        5    ######.
 Lee's Rapid Deconstruct  Erth           #.........   100%        5    ######.
 Metabolic Englaciation   Hex/Ice        #.........   100%        5    ######.
 Venom Bolt               Conj/Pois      #.........   100%        5    ######.
 Yara's Violent Unravell  Hex/Tmut       #.........   100%        5    ######.
 Darkness                 Hex            #.........   100%        6    #######
 Invisibility             Hex            #.......     100%        6    #######
 Iron Shot                Conj/Erth      #.........   100%        6    #######
 Orb of Destruction       Conj           #.........   100%        7    #######
 Spellforged Servitor     Conj/Summ      #.........   100%        7    #######


Dungeon Overview and Level Annotations

Branches:
Dungeon (14/15)            Temple (1/1) D:6            Lair (0/6) D:10
    Orc (1/2) D:9          Vaults (0/5) D:13

Altars:
Ashenzari
Cheibriados
Dithmenos
Elyvilon
Fedhas
Gozag
Hepliaklqana
Kikubaaqudgha
Makhleb
Nemelex Xobeh
Okawaru
Qazlal
Ru
Sif Muna
Trog
Uskayaw
Vehumet
Wu Jian
Xom
Yredelemnul
Zin
The Shining One

Shops:
D:4 }   D:13 }

Annotations:
D:3 1 runed translucent door, Crazy Yiuf


Innate Abilities, Weirdness & Mutations

You cannot wear boots.
Your serpentine skin is tough. (AC +4)
You have supernaturally acute eyesight. (SInv)
Armour fits poorly on your strangely shaped body.
Your system is resistant to poisons. (rPois)
You cover ground very slowly.
You have a slow metabolism.
You can spit poison.
You can use your snake-like lower body to constrict enemies.
You are partially covered in large bone plates. (SH +4)
You passively map a small area around you.
You expend magic power (3 MP) to strengthen your wands.


Message History

You hit the phantasmal warrior but do no damage.
You block the phantasmal warrior's attack.
Okay, then.
You barely miss the phantasmal warrior. The phantasmal warrior hits you.
You slash the phantasmal warrior!
The phantasmal warrior is moderately damaged.
The phantasmal warrior hits you!!
You hit the phantasmal warrior.
The phantasmal warrior is moderately damaged.
You block the phantasmal warrior's attack.
You slash the phantasmal warrior!
The phantasmal warrior is heavily damaged.
The phantasmal warrior hits you!
You hit the phantasmal warrior.
The phantasmal warrior is severely damaged.
The phantasmal warrior hits you!!
* * * LOW HITPOINT WARNING * * *
The phantasmal warrior hits you!!
You die...
Your body crumbles into a pile of gold.

#.###...###.#. #)#
#...##.##. #(# #.........
#(# #...##..#. #(#
#######.#. #####)### #...
#.))))..# ##.#. #.#####.#
####.... #@# #.# #......#
###W## #.# #.##)...
#####..C.###### #######.
####...##(.##...#### #.
##.......#''#.......### ##
.......(((.(..........##
##
.....§..≈≈≈≈≈≈.........##
#.
.....≈≈≈≈≈$≈≈C≈≈≈.......#
## *
...≈≈≈≈########≈≈≈≈.....##


You could see a cyclops and a phantasmal warrior.

Vanquished Creatures
  Rupert (D:13)
  A fire giant (D:14)
  Nessos (D:13)
  Snorg (D:14)
  A yaktaur captain (D:14)
  Erica (Orc:1)
  3 tengu warriors (D:13)
  Urug (D:13)
  An unseen horror (D:11)
  Pikel (Temple)
  A cyclops (D:10)
  3 ugly things (D:14)
  A manticore (D:13)
  Joseph (D:9)
  A centaur zombie (D:14)
  3 gargoyles
  2 efreet (D:14)
  A komodo dragon (D:14)
  4 kobold demonologists (D:14)
  A tengu conjurer (D:12)
  3 trolls
  Grinder (D:5)
  3 hippogriffs
  Sigmund (D:3)
  A redback (D:11)
  A spriggan (D:7)
  18 yaks
  A water elemental (D:14)
  A wyvern (D:12)
  A hog (shapeshifter) (D:13)
  A steam dragon (D:10)
  15 humans (D:13)
  2 acid dragons (D:14)
  2 water moccasins
  2 soldier ants (D:14)
  7 orc warriors
  3 sky beasts
  4 ice beasts
  2 black bears
  A necrophage (D:8)
  8 ogres
  A phantom (D:7)
  10 centaurs
  4 big kobolds (D:14)
  Blork the orc (D:6)
  9 bullfrogs
  A wyvern skeleton (D:14)
  A scorpion (D:8)
  4 killer bees (D:10)
  5 wights (D:8)
  A howler monkey (D:8)
  3 electric eels (D:14)
  3 crimson imps
  2 bullfrog zombies
  8 hounds
  5 jellies
  4 centaur skeletons
  9 orc priests
  12 orc wizards
  2 iguanas
  8 worker ants
  A hound skeleton (D:7)
  A worker ant zombie (D:10)
  7 gnolls
  17 adders
  A shadow imp (D:7)
  A worm (D:2)
  2 dart slugs
  5 leopard geckos
  52 orcs
  6 giant cockroaches
  12 hobgoblins
  13 jackals
  20 kobolds
  3 quokkas
  A ball python (D:7)
  6 bats
  12 frilled lizards
  5 goblins
  A quokka skeleton (D:8)
  7 rats
374 creatures vanquished.

Vanquished Creatures (others)
  An ogre (D:6)
  An orc wizard (Orc:1)
  4 toadstools (D:2)
6 creatures vanquished.

Grand Total: 380 creatures vanquished

Notes
Turn   | Place    | Note
-------+----------+-------------------------------------------
     0 | D:1      | MajorAdolf the Naga Wanderer began the quest for the Orb.
     0 | D:1      | MajorAdolf set off with the following items: a +2 spear, 2
                  | potions of lignification, a +0 robe, a +0 dagger, a ration
     0 | D:1      | Reached XP level 1. HP: 21/21 MP: 1/1
   144 | D:1      | Reached XP level 2. HP: 28/28 MP: 2/2
   452 | D:1      | Reached skill level 1 in Armour
   526 | D:1      | Reached XP level 3. HP: 32/34 MP: 3/3
  1165 | D:2      | Reached XP level 4. HP: 41/42 MP: 4/4
  2258 | D:3      | Reached XP level 5. HP: 43/49 MP: 5/5
  2443 | D:3      | Found a runed translucent door.
  2444 | D:3      | Noticed Crazy Yiuf
  2501 | D:3      | Reached skill level 1 in Axes
  2655 | D:3      | Noticed Sigmund
  2672 | D:3      | Killed Sigmund
  2672 | D:3      | Reached XP level 6. HP: 56/56 MP: 6/6
  3830 | D:4      | Found Jeecsemm's Gadget Emporium.
  3847 | D:4      | Bought a wand of flame (11) for 78 gold pieces
  3847 | D:4      | Bought a wand of iceblast (5) for 108 gold pieces
  4147 | D:4      | Got a pitted granite ring
  4421 | D:5      | Entered Level 5 of the Dungeon
  4421 | D:5      | Noticed Grinder
  4435 | D:5      | Killed Grinder
  4435 | D:5      | Reached skill level 5 in Axes
  4435 | D:5      | Reached skill level 1 in Shields
  4435 | D:5      | Reached skill level 1 in Evocations
  4435 | D:5      | Reached XP level 7. HP: 62/62 MP: 6/8
  4595 | D:5      | Reached skill level 2 in Evocations
  4848 | D:5      | Reached XP level 8. HP: 61/70 MP: 8/10
  5028 | D:6      | Reached skill level 3 in Evocations
  5299 | D:6      | Noticed Blork the orc
  5304 | D:6      | Killed Blork the orc
  5530 | D:6      | Found a staircase to the Ecumenical Temple.
  5530 | D:6      | Noticed Pikel
  5541 | Temple   | Entered the Ecumenical Temple
  5554 | Temple   | Killed Pikel
  5554 | Temple   | Reached skill level 4 in Evocations
  5560 | Temple   | Reached XP level 9. HP: 36/76 MP: 10/12
  5742 | Temple   | Became a worshipper of Gozag Ym Sagoz the Greedy
  5853 | D:6      | Identified the ring "Jiukoiti" {Ice Stlth+} (You found it
                  | on level 4 of the Dungeon)
  6413 | D:5      | Found a burning altar of Makhleb.
  6413 | D:5      | Noticed a balrug
  6416 | D:5      | Noticed an orange demon
  6887 | D:6      | Found a sacrificial altar of Ru.
  6981 | D:4      | Bought a wand of polymorph (6) for 96 gold pieces
  7168 | D:7      | Found a shattered altar of Ashenzari.
  7170 | D:7      | Found a white marble altar of Elyvilon.
  7265 | D:7      | Reached skill level 5 in Evocations
  7710 | D:7      | Found an ancient bone altar of Kikubaaqudgha.
  7710 | D:7      | Found a snail-covered altar of Cheibriados.
  7711 | D:7      | Found a glowing golden altar of the Shining One.
  7848 | D:7      | Found a radiant altar of Vehumet.
  7986 | D:7      | Reached skill level 5 in Armour
  7986 | D:7      | Reached skill level 6 in Evocations
  8152 | D:8      | Found a shimmering altar of Xom.
  8160 | D:8      | Found a shimmering altar of Xom.
  8168 | D:8      | Found a shimmering altar of Xom.
  8169 | D:8      | Found a shimmering altar of Xom.
  8177 | D:8      | Found a shimmering altar of Xom.
  8178 | D:8      | Found a shimmering altar of Xom.
  8180 | D:8      | Found a shimmering altar of Xom.
  8560 | D:8      | Reached XP level 10. HP: 66/84 MP: 14/14
  8912 | D:4      | Bought a wand of acid (11) for 360 gold pieces
  9246 | D:7      | Reached skill level 7 in Evocations
  9433 | D:7      | Reached skill level 5 in Shields
  9927 | D:8      | Found an ornate altar of the Wu Jian Council.
 10362 | D:9      | Noticed Joseph
 10395 | D:9      | Found a staircase to the Orcish Mines.
 10432 | Orc:1    | Entered Level 1 of the Orcish Mines
 10764 | Orc:1    | Noticed Erica
 11112 | D:9      | Reached skill level 8 in Evocations
 11301 | Orc:1    | Killed Erica
 11378 | Orc:1    | Found a bloodstained altar of Trog.
 11493 | Orc:1    | Noticed an orc knight
 11493 | Orc:1    | Noticed an orc sorcerer
 11717 | D:9      | Killed Joseph
 11717 | D:9      | Reached XP level 11. HP: 83/90 MP: 17/17
 11835 | D:9      | Reached skill level 9 in Evocations
 12619 | D:4      | Bought a wand of acid (8) for 288 gold pieces
 12619 | D:4      | Bought a wand of digging (6) for 240 gold pieces
 12672 | D:8      | Noticed an iron giant
 12672 | D:8      | Noticed a shining eye
 12676 | D:8      | Noticed a golden dragon
 12676 | D:8      | an iron giant changed into a golden dragon
 12750 | D:10     | Entered Level 10 of the Dungeon
 12752 | D:10     | Found a staircase to the Lair.
 13701 | D:10     | Noticed a two-headed ogre
 13703 | D:10     | Noticed a cyclops
 13703 | D:10     | a two-headed ogre changed into a cyclops
 13713 | D:10     | Killed a cyclops
 14297 | D:10     | Reached skill level 5 in Stealth
 14804 | D:11     | Noticed an unseen horror
 15500 | D:11     | Killed an unseen horror
 15638 | D:11     | Noticed a two-headed ogre
 15640 | D:11     | a two-headed ogre changed into a redback
 15647 | D:11     | Reached skill level 10 in Evocations
 16342 | D:12     | Gained mutation: You are resistant to hostile enchantments.
                  | (MR+) [potion of mutation]
 16342 | D:12     | Gained mutation: You tend to lose your temper in combat.
                  | [potion of mutation]
 16342 | D:12     | Gained mutation: You passively map a small area around you.
                  | [potion of mutation]
 16343 | D:12     | Lost mutation: You are resistant to hostile enchantments.
                  | (MR+) [potion of mutation]
 16343 | D:12     | Lost mutation: You tend to lose your temper in combat.
                  | [potion of mutation]
 16343 | D:12     | Gained mutation: You expend magic power (3 MP) to
                  | strengthen your wands. [potion of mutation]
 16343 | D:12     | Gained mutation: You are partially covered in large bone
                  | plates. (SH +4) [potion of mutation]
 17616 | D:13     | Reached XP level 12. HP: 84/98 MP: 16/19
 17618 | D:13     | Noticed Urug
 17628 | D:13     | Killed Urug
 17818 | D:13     | Reached skill level 10 in Axes
 18060 | D:13     | Found a gate to the Vaults.
 18110 | D:13     | Noticed Nessos
 18114 | D:13     | Killed Nessos
 18115 | D:13     | Noticed Rupert
 18123 | D:13     | Paralysed by Rupert for 6 turns
 18129 | D:13     | Killed Rupert
 18129 | D:13     | Reached skill level 11 in Evocations
 18467 | D:13     | Noticed a tengu warrior
 18735 | D:13     | Bought a wand of disintegration (14) for 198 gold pieces
 18735 | D:13     | Bought a wand of iceblast (9) for 143 gold pieces
 18735 | D:13     | Bought a wand of paralysis (6) for 88 gold pieces
 18866 | D:13     | Noticed a tengu warrior
 18880 | D:13     | Noticed a tengu warrior
 18886 | D:13     | Killed a tengu warrior
 18891 | D:13     | Killed a tengu warrior
 18893 | D:13     | Killed a tengu warrior
 19804 | D:14     | Noticed Snorg
 19824 | D:14     | Gained mutation: You can use your snake-like lower body to
                  | constrict enemies. [Naga growth]
 19824 | D:14     | Reached XP level 13. HP: 103/104 MP: 19/21
 19891 | D:14     | Killed Snorg
 21122 | D:14     | Noticed a fire giant
 21129 | D:14     | Identified the +4 mace of Circularity {vamp, rC+}
 21129 | D:14     | Noticed a yaktaur captain
 21460 | D:14     | Killed a yaktaur captain
 21787 | D:14     | Reached skill level 12 in Evocations
 21810 | D:14     | Killed a fire giant
 21979 | D:14     | Slain by a phantasmal warrior

Levels and vault maps discovered:
D:1:      saegor_arrival_simple_c, layout_basic, minmay_lizard_pond
D:2:      layout_loops_corners, minivault_25, minmay_gold_behind_fungi,
          roderic_lattice_a
D:3:      layout_basic, uniq_crazy_yiuf_cottage, uniq_sigmund
D:4:      layout_rooms, serial_shops, shop
D:5:      layout_rooms, first_ration, makhleb_altar_promises_db, uniq_grinder
D:6:      layout_rooms, nicolae_ru_path_of_blood,
          minmay_temple_entry_stoned_glass, uniq_pikel, uniq_blork_the_orc
D:7:      layout_gridville, nicolae_overflow_hidden_temple, kennysheep_mini,
          the_bakery
D:8:      layout_basic, xom_shifter_show, nicolae_overflow_crystal_walls
D:9:      layout_gridville, orc_0_dummy, uniq_joseph
D:10:     layout_irregular_city, dpeg_oklobed_lair
D:11:     layout_cave_pools
D:12:     layout_layer_cave
D:13:     layout_gridville, david_vaults_3
D:14:     cross_vault, layout_loops_ring, chequers_jeans, uniq_snorg,
          uniq_rupert
Temple:   cyrus_circular_temple
Orc:1:    layout_caves, basic_altar, uniq_erica

Skill      XL: |  1  2  3  4  5  6  7  8  9 10 11 12 13 |
---------------+----------------------------------------+-----
Armour         | 1 2 3 4 5 6 7 8 |  8.1
Axes           | 3 5 6 7 8 9 10 | 10.8
Shields        | 1 2 3 4 5 6 7 |  7.8
Evocations     | 1 2 4 6 8 10 11 12 | 12.0
Stealth        | 6 8 9 |  9.9
Dodging        | 2 4 |  4.9
Fighting       | |  3.6
Throwing       | |  1.8

Action                   |  1- 3 |  4- 6 |  7- 9 | 10-12 | 13-15 || total
-------------------------+-------+-------+-------+-------+-------++-------
Melee: Spear             |    79 |   135 |       |       |       ||   214
       Hand axe          |       |    66 |   410 |   447 |       ||   923
       War axe           |       |       |       |   626 |       ||   626
       Broad axe         |       |       |       |    57 |   183 ||   240
       Constrict         |       |       |       |       |    28 ||    28
Invok: Call Merchant     |       |       |       |     1 |       ||     1
 Abil: Spit Poison       |    11 |     9 |    18 |     7 |     2 ||    47
Evoke: Wand              |       |       |    26 |    30 |    13 ||    69
       Lamp of fire      |       |       |       |     2 |       ||     2
  Use: Scroll            |       |     9 |     8 |    11 |     1 ||    29
       Potion            |       |     2 |     2 |     6 |     1 ||    11
 Stab: Sleeping          |     1 |    11 |     3 |    14 |       ||    29
       Paralysed         |       |       |    22 |       |       ||    22
       Distracted        |       |       |       |     3 |       ||     3
  Eat: Chunk             |     1 |     6 |     4 |       |       ||    11
       Ration            |       |     1 |     2 |     9 |     2 ||    14
Armor: Ring mail         |    21 |    75 |   196 |   501 |    64 ||   857
       Scale mail        |     2 |       |       |    13 |       ||    15
       Skin              |       |    14 |       |       |       ||    14
Dodge: Dodged            |    30 |    64 |   102 |   329 |    59 ||   584
Block: Shield            |       |    29 |   160 |   631 |   124 ||   944
